 Dungeon Crawl Stone Soup version 0.19.0-11-g3fc08b3 (webtiles) character file.

3336 inmateoo the Cleaver (level 9, -1/103 HPs)
             Began as a Demonspawn Berserker on Nov 8, 2016.
             Was an Elder of Trog.
             Slain by a hippogriff (5 damage)
             ... on level 7 of the Dungeon.
             The game lasted 00:11:50 (7399 turns).

inmateoo the Cleaver (Demonspawn Berserker)         Turns: 7399, Time: 00:11:51

Health: -1/103     AC:  4    Str: 26    XL:     9   Next: 72%
Magic:  0/9        EV: 13    Int:  8    God:    Trog [****..]
Gold:   39         SH:  0    Dex: 13    Spells: 0 memorised, 8 levels left

rFire  . . .     SeeInvis .     j - +0 war axe
rCold  . . .     Gourm    .     d - +1 leather armour {MR+}
rNeg   . . .     Faith    .     (no shield)
rPois  .         Spirit   +     (helmet restricted)
rElec  .         Reflect  .     x - +0 cloak
rCorr  +         Harm     .     (no gloves)
MR     +....                    (no boots)
Stlth  ..........               (no amulet)
                                v - ring of resist corrosion
                                A - -4 ring of protection (curse)

@: berserking, very quick
A: antennae 1, icy blue scales 2, magic shield
a: Berserk, Trog's Hand, Brothers in Arms, Burn Spellbooks, Renounce Religion


You were on level 7 of the Dungeon.
You worshipped Trog.
Trog was greatly pleased with you.
You were very hungry.

You visited 1 branch of the dungeon, and saw 7 of its levels.
You also visited: Sewer.

You collected 316 gold pieces.
You spent 277 gold pieces at shops.

Inventory:

Hand Weapons
 a - a +0 hand axe
 j - a +0 war axe (weapon)
 k - a +0 blowgun
Missiles
 l - 66 poisoned needles
Armour
 b - a cursed +0 scale mail
 d - a +1 leather armour of magic resistance (worn)
 n - a +0 chain mail
 x - a +0 cloak (worn)
Jewellery
 q - an uncursed ring of stealth
 v - a ring of resist corrosion (right hand)
 A - a cursed -4 ring of protection (left hand)
 D - an uncursed ring of positive energy {unknown}
 E - a +5 ring of intelligence {unknown}
Wands
 u - a wand of lightning (4/15)
Scrolls
 o - a scroll of teleportation
 w - a scroll of blinking
 y - a scroll of immolation
 B - a scroll of enchant weapon
Potions
 e - 4 potions of brilliance
 f - 2 potions of magic
 g - 3 potions of curing
 i - a potion of cancellation
 m - a potion of agility {unknown}
 p - 8 potions of heal wounds
 r - 4 potions of might {unknown}
 z - a potion of mutation {unknown}
 C - 3 potions of flight {unknown}
Comestibles
 c - 7 bread rations
 s - 4 fruits
 t - a meat ration


   Skills:
 + Level 5.7 Fighting
 + Level 11.1 Axes
 + Level 3.4 Armour
 + Level 3.7 Dodging


You had 8 spell levels left.
You didn't know any spells.

Dungeon Overview and Level Annotations

Branches:
Dungeon (7/15)             Temple (0/1) D:4

Altars:
Dithmenos
Makhleb
Qazlal
Ru
Sif Muna
Trog

Shops:
D:5 :   D:7 *


Innate Abilities, Weirdness & Mutations

You have a pair of small antennae on your head.
You are mostly covered in icy blue scales. (AC +3)
When hurt, damage is shared between your health and your magic reserves.


Message History

* * * LOW HITPOINT WARNING * * *
The hippogriff pecks you but does no damage.
The hippogriff claws you but does no damage.
The wyvern skeleton completely misses you.
You slash the wyvern skeleton!
You feel the power of Trog in you as your rage grows.
You destroy the wyvern skeleton!
Trog accepts your kill.
You hit the hippogriff. The hippogriff closely misses you.
The hippogriff pecks you.
* * * LOW HITPOINT WARNING * * *
The hippogriff claws you.
* * * LOW HITPOINT WARNING * * *
You hit the hippogriff.
The hippogriff is severely wounded.
You barely miss the hippogriff.
The hippogriff is severely wounded.
The hippogriff bites you but does no damage.
The hippogriff pecks you.
You die...

#.#.#..#.#
#......
#.#.#..#.#
#......
#.#.#..#.#
#......
#.#.#..#.#
#......
#####.#.#
#.# #......
#.....#.# .#
#......
#)....#.#..#
###...#
#%......$..#
#.#..
#.....@.#.##
#.#.#
#....H.....#
#.###
#.......####
#.#..
###.....#
#.#.#
#.....#
#.#.#
#.....# #.#
##..... #.#
#.#### #..
###


You could see a hippogriff.

Vanquished Creatures
  Pikel (D:6)
  Sigmund (D:5)
  Eustachio (D:5)
  Edmund (D:6)
  A water moccasin (D:7)
  2 slaves (D:6)
  2 sky beasts (D:6)
  3 ice beasts
  4 ogres
  3 centaurs
  5 big kobolds
  Blork the orc (D:5)
  A bullfrog (D:7)
  A wyvern skeleton (D:7)
  3 crimson imps
  4 orc priests
  5 orc wizards
  2 iguanas (D:7)
  3 worker ants
  Jessica (D:5)
  A bullfrog skeleton (D:6)
  Ijyb (D:3)
  A hound zombie (D:6)
  4 adders
  7 river rats
  A shadow imp (D:6)
  2 oozes (D:3)
  An adder zombie (D:6)
  An adder skeleton (D:4)
  A worm (D:4)
  2 leopard geckos (D:3)
  12 orcs
  8 ball pythons
  4 bats
  6 giant cockroaches
  5 hobgoblins
  4 jackals (D:7)
  3 quokkas
  4 frilled lizards
  11 goblins
  A jackal skeleton (D:6)
  23 kobolds
  2 leopard gecko skeletons
  26 rats
176 creatures vanquished.

Vanquished Creatures (others)
  2 slaves (D:6)
2 creatures vanquished.

Grand Total: 178 creatures vanquished

Notes
Turn   | Place    | Note
-------+----------+-------------------------------------------
     0 | D:1      | inmateoo the Demonspawn Berserker began the quest for the Orb.
     0 | D:1      | Reached XP level 1. HP: 18/18 MP: 1/1
   154 | D:2      | Reached skill level 3 in Axes
   205 | D:2      | Gained mutation: You are partially covered in icy blue scales. (AC +2) [demonic ancestry]
   205 | D:2      | Reached XP level 2. HP: 14/24 MP: 2/2
   651 | D:2      | Found a faded altar of an unknown god.
   651 | D:2      | Found a faded altar of an unknown god.
   656 | D:2      | Found a sacrificial altar of Ru.
   658 | D:2      | Found a burning altar of Makhleb.
   659 | D:2      | Found a bloodstained altar of Trog.
   877 | D:2      | Reached XP level 3. HP: 29/29 MP: 3/3
  1226 | D:2      | Reached ** piety under Trog
  1361 | D:3      | Found a shadowy altar of Dithmenos.
  1493 | D:3      | Noticed Ijyb
  1499 | D:3      | Reached skill level 4 in Axes
  1535 | D:3      | Killed Ijyb
  1618 | D:3      | Gained mutation: You have a pair of small antennae on your head. [demonic ancestry]
  1618 | D:3      | Reached XP level 4. HP: 32/35 MP: 4/4
  1718 | D:3      | Found a glowing drain.
  1722 | Sewer    | Entered a sewer
  1753 | Sewer    | Noticed a big kobold
  1753 | Sewer    | Noticed a big kobold
  1753 | Sewer    | Noticed a big kobold
  1761 | Sewer    | Killed a big kobold
  1761 | Sewer    | Reached skill level 5 in Axes
  1761 | Sewer    | Gained mutation: When hurt, damage is shared between your health and your magic reserves. [demonic ancestry]
  1761 | Sewer    | Reached XP level 5. HP: 41/41 MP: 5/5
  1765 | Sewer    | Reached skill level 6 in Axes
  1765 | Sewer    | Reached XP level 6. HP: 47/47 MP: 6/6
  2013 | Sewer    | Reached *** piety under Trog
  2238 | Sewer    | Reached skill level 7 in Axes
  3207 | D:4      | Reached XP level 7. HP: 38/52 MP: 7/7
  3466 | D:4      | Found a stormy altar of Qazlal.
  3515 | D:4      | Reached **** piety under Trog
  3777 | D:4      | Found a staircase to the Ecumenical Temple.
  4081 | D:5      | Entered Level 5 of the Dungeon
  4083 | D:5      | Noticed Eustachio
  4095 | D:4      | Reached skill level 8 in Axes
  4457 | D:5      | Found Utsoig's Book Shoppe.
  4529 | D:5      | Noticed Blork the orc
  4533 | D:5      | Killed Blork the orc
  4536 | D:5      | Reached XP level 8. HP: 58/58 MP: 6/8
  4717 | D:5      | Killed Eustachio
  4717 | D:5      | Reached skill level 9 in Axes
  4866 | D:5      | Noticed Jessica
  4941 | D:5      | Noticed Sigmund
  4970 | D:5      | Killed Sigmund
  5039 | D:5      | Found a deep blue altar of Sif Muna.
  5071 | D:5      | Killed Jessica
  5263 | D:6      | Noticed Pikel
  5501 | D:6      | Killed Pikel
  5501 | D:6      | Reached skill level 10 in Axes
  5501 | D:6      | Gained mutation: You are mostly covered in icy blue scales. (AC +3) [demonic ancestry]
  5501 | D:6      | Reached XP level 9. HP: 28/66 MP: 3/9
  5957 | D:6      | Noticed Edmund
  5987 | D:6      | Killed Edmund
  6006 | D:6      | HP: 2/100 [ogre/giant spiked club (16)]
  6016 | D:6      | Reached skill level 5 in Fighting
  6590 | D:6      | Found a bloodstained altar of Trog.
  7273 | D:7      | Reached skill level 11 in Axes
  7325 | D:7      | Found Xegruzov's Assorted Antiques.
  7330 | D:7      | Bought a pair of smoking boots for 199 gold pieces
  7335 | D:7      | Identified the +1 pair of boots of Recklessness {rC- rCorr Str+2 Dex+2} (You bought it in a shop on level 7 of the Dungeon)
  7343 | D:7      | Bought a scroll of identify for 42 gold pieces
  7343 | D:7      | Bought a glowing grey potion for 18 gold pieces
  7343 | D:7      | Bought a blue potion for 18 gold pieces
  7397 | D:7      | HP: 4/103 [hippogriff (6)]
  7399 | D:7      | Slain by a hippogriff

Skill      XL: |  1  2  3  4  5  6  7  8  9 |
---------------+----------------------------+-----
Axes           | 3 4 5 6 7 8 10 11 | 11.1
Armour         | 2 3 |  3.4
Dodging        | 2 3 |  3.7
Fighting       | 4 5 |  5.7

Action                   |  1- 3 |  4- 6 |  7- 9 || total
-------------------------+-------+-------+-------++-------
Melee: Hand axe          |   122 |    85 |       ||   207
       War axe           |       |   116 |   366 ||   482
Invok: Berserk           |     1 |     1 |    11 ||    13
       Burn Spellbooks   |       |     1 |       ||     1
       Trog's Hand       |       |       |     4 ||     4
  Use: Scroll            |       |     4 |    14 ||    18
       Potion            |       |       |     8 ||     8
 Stab: Distracted        |       |       |     2 ||     2
       Sleeping          |       |       |     2 ||     2
  Eat: Chunk             |     3 |     5 |    16 ||    24
       Beef jerky        |       |     1 |     4 ||     5
       Fruit             |       |       |     2 ||     2
       Pizza             |       |       |     1 ||     1
Armor: Animal skin       |    18 |       |       ||    18
       Chain mail        |    37 |   126 |    73 ||   236
       Leather armour    |       |       |    69 ||    69
       Skin              |       |       |     5 ||     5
Dodge: Dodged            |    62 |    83 |   197 ||   342
